 Dungeon Crawl Stone Soup version 0.30-a0-591-g3c58d2bc28 (webtiles) character file.

Game seed: 1477174006725430603

2148 kae the Changer (level 9, -8/70 HPs)
             Began as a Demonspawn Transmuter on Jan 5, 2023.
             Was an Initiate of Ru.
             Mangled by a two-headed ogre
             ... wielding a +0 giant spiked club
              (21 damage)
             ... on level 6 of the Dungeon.
             The game lasted 00:06:41 (6377 turns).

kae the Changer (Demonspawn Transmuter)             Turns: 6377, Time: 00:06:42

Health: -8/70      AC: 12    Str: 12    XL:     9   Next: 9%
Magic:  18/25      EV: 10    Int: 18    God:    Ru [......]
Gold:   289        SH:  4    Dex: 13    Spells: 8/18 levels left

rFire   x . .      SeeInvis .      - Unarmed
rCold   + + +      Faith    .    (shield currently unavailable)
rNeg    . . .      Spirit   .    (body armour currently unavailable)
rPois   +          Reflect  .    (helmet currently unavailable)
rElec   .          Harm     .    (cloak currently unavailable)
rCorr   .          Rampage  .    (gloves currently unavailable)
Will    .....                    (boots currently unavailable)
Stlth   +                        (no amulet)
HPRegen 0.31/turn                W - ring of magical power
MPRegen 0.19/turn                (no ring)

@: ice-form, very slightly contaminated
A: freezing attack, amphibious, boosted hp, large, (claws 2), icemail 1, (sharp
scales 1), condensation shield
a: End Transformation, Renounce Religion, Sacrifice Essence, Sacrifice Arcana,
Sacrifice Courage, Reject Sacrifices


You were on level 6 of the Dungeon.
You worshipped Ru.
Ru was noncommittal.
You were a creature of crystalline ice.
You visited 2 branches of the dungeon, and saw 7 of its levels.

You collected 328 gold pieces.
You spent 39 gold pieces at shops.


Innate Abilities, Weirdness & Mutations

You are a creature of crystalline ice.
You have a powerful freezing melee attack.
You are amphibious.
Your maximum health is increased.
Your armour is entirely melded.
You are incapable of wielding weapons or throwing items.
((You have very sharp fingernails.))
A meltable icy envelope protects you from harm. (AC +4)
((You are partially covered in razor-sharp scales. (AC +1, Slay +1)))
A meltable shield of frost defends you. (SH +4)


   Skills:
 - Level 1.0 Fighting
 - Level 1.7 Dodging
 + Level 5.6 Unarmed Combat
 + Level 5.2 Spellcasting
 * Level 7.2 Transmutations
 * Level 4.3 Ice Magic
 - Level 1.0 Poison Magic


You had 8 spell levels left.
You knew the following spells:

 Your Spells              Type           Power      Damage    Failure   Level
a - Beastly Appendage     Tmut           60%        N/A       1%          1
b - Wereblood             Tmut           30%        N/A       1%          2
c - Spider Form           Tmut/Pois      19%        N/A       7%          3
d - Ice Form              Ice/Tmut       25%        N/A       12%         4

Your spell library contained the following spells:

 Spells                   Type           Power      Damage    Failure   Level
 Freeze                   Ice            80%        1d9       2%          1
 Frozen Ramparts          Ice            40%        1d7       7%          3
 Apportation              Tloc           8%         N/A       13%         1
 Necrotise                Necr           16%        1d4       13%         1
 Summon Small Mammal      Summ           16%        N/A       13%         1
 Hailstorm                Conj/Ice       12%        3d5       16%         3

Inventory:

Hand Weapons
 k - the +9 mace "Boton" {drain, rC+++ Will- Str+9 SInv}
   (You found it on level 2 of the Dungeon)

   Str:       It affects your strength (+9).
   rC:        It renders you almost immune to cold.
   SInv:      It lets you see invisible.
   Will:      It decreases your willpower.
Missiles
 h - 61 stones
 n - 4 boomerangs
Armour
 a - a +0 robe (melded)
Jewellery
 W - a ring of magical power (left front paw)
   (You found it on level 5 of the Dungeon)
Wands
 u - a wand of flame (9)
   (You found it on level 5 of the Dungeon)
Scrolls
 q - a scroll of blinking {!r}
 s - a scroll of teleportation {@r4}
 t - a scroll of torment {!r}
Potions
 b - a potion of lignification {!q}
 c - a potion of degeneration {!q}
 e - 2 potions of cancellation
 f - 4 potions of haste {@q3}
 g - 3 potions of flight
 i - 3 potions of invisibility
 l - a potion of curing {@q1}
 m - a potion of might
 o - 2 potions of brilliance
 p - 3 potions of mutation {!q}
 r - a potion of attraction {!q}

Dungeon Overview and Level Annotations

Branches:
Dungeon (6/15) Zot: 26106  Temple (1/1) D:4 Zot: 5933

Altars:
Ashenzari
Cheibriados
Dithmenos
Fedhas
Gozag
Hepliaklqana
Kikubaaqudgha
Nemelex Xobeh
Okawaru
Qazlal
Ru
Sif Muna
Trog
Uskayaw
Wu Jian
Xom
Yredelemnul

Shops:
D:3 !

Annotations:
D:5 1 runed translucent door, Sapher's ghost, amateur DEEE

.. Y.. #.# ##.
...####.> .........
##. .$..$...# #..#
#.......# ### ...
#.......# ....#..
#....>.######..
....#..
#......YO......
##....
#..###.######..
#..... #.###.####.#
#. #.......##.# #.
##.........#####..
#.
###.....###..#......
## .......# ##...#
#.....####..## ###
#......##...# ###
##.##


You could see a two-headed ogre.


Message History

A black bear is nearby!
A black bear is nearby!
Casting: Ice Form (dangerous; 12% risk of failure)
Confirm with . or Enter, or press ? or * to list all spells.
You miscast Ice Form.
You are very lightly contaminated with residual magic.
Your body is twisted painfully. 😎 MP[-4]
You lost 4 mp, and now have 21/25 mp.
Casting: Ice Form (dangerous; 12% risk of failure)
Confirm with . or Enter, or press ? or * to list all spells.
You turn into a creature of crystalline ice.
Your +0 robe melds into your body.
The black bear bites you.
The black bear barely misses you. x2 😕 HP[+9] MP[-4]
You now have 70 max hp (+11).
You regained 9 hp, and now have 68/70 hp.
You lost 4 mp, and now have 17/25 mp.
You barely miss the black bear. You block the black bear's attack.
The black bear barely misses you. x2
You hit the black bear. You freeze the black bear. The black bear bites you.
The black bear claws you but does no damage. x2 😕 HP[-4]
You take 4 damage, and now have 64/70 hp.
You hit the black bear. You freeze the black bear.
The black bear bites you but does no damage.
The black bear claws you but does no damage. x2 😕 MP[+1]
You hit the black bear. You freeze the black bear.
You block the black bear's attack. The black bear barely misses you.
The black bear claws you but does no damage.
Unknown command.
You barely miss the black bear.
The black bear bites you but does no damage.
You block the black bear's attack. The black bear claws you. 😕 HP[-3]
You take 3 damage, and now have 61/70 hp.
Unknown command.
You barely miss the black bear. The black bear bites you.
You block the black bear's attack.
The black bear barely misses you. 😕 HP[-3]
You take 3 damage, and now have 58/70 hp.
Unknown command.
You punch the black bear! You freeze the black bear.
You kill the black bear!
Unknown command.
You see here a black bear corpse. 😕 HP[+1] Unknown command.
Unknown command.
Your magical contamination has completely faded away. 😕 HP[+5] MP[+3]
You regained 5 hp, and now have 64/70 hp.
You regained 3 mp, and now have 21/25 mp.
Unknown command.
Your transformation is almost over.
You warm up again.
Your +0 robe unmelds from your body.
Key pressed, stopping explore.
Key pressed, stopping explore.
Things that are here:
a +0 shortbow; a centaur skeleton You see here a +0 falchion.
There is a stone staircase leading up here.
Found a stone staircase leading down. 😎 HP[-5] MP[+4]
You now have 59 max hp (-11).
Your mp is fully restored (25).
Found a stone staircase leading down.
A two-headed ogre and an ice beast come into view.
There are monsters nearby!
There are monsters nearby!
There are monsters nearby!
The two-headed ogre shouts in stereo!
Casting: Ice Form (dangerous; 12% risk of failure)
Confirm with . or Enter, or press ? or * to list all spells.
You miscast Ice Form.
You are very lightly contaminated with residual magic.
Nothing appears to happen. 😎 MP[-4]
You lost 4 mp, and now have 21/25 mp.
Casting: Ice Form (dangerous; 12% risk of failure)
Confirm with . or Enter, or press ? or * to list all spells.
You turn into a creature of crystalline ice.
Your +0 robe melds into your body. 😎 HP[+11] MP[-4]
You now have 70 max hp (+11).
Your hp is fully restored (70).
You lost 4 mp, and now have 17/25 mp.
You punch the two-headed ogre! You freeze the two-headed ogre.
The two-headed ogre hits you with a +0 giant spiked club!!
The two-headed ogre hits you with a +0 giant club! 😮 HP[-29]
You take 29 damage, and now have 41/70 hp.
MASSIVE DAMAGE!! (PAUSE)
You punch the two-headed ogre!
You freeze the two-headed ogre. 😮 MP[+1]
You hit the two-headed ogre but do no damage.
The two-headed ogre hits you with a +0 giant spiked club!!
* * * LOW HITPOINT WARNING * * *
The two-headed ogre hits you with a +0 giant club!!
You die...

Skill      XL: |  1  2  3  4  5  6  7  8 |
---------------+-------------------------+-----
Transmutations | 2 3 5 6 7 |  7.2
Unarmed Combat | 3 4 5 |  5.6
Poison Magic   | 1 |  1.0
Spellcasting   | 3 4 5 |  5.2
Ice Magic      | 2 4 |  4.3
Fighting       | |  1.0
Dodging        | |  1.7

Action                   |  1- 3 |  4- 6 |  7- 9 || total
-------------------------+-------+-------+-------++-------
Melee: Unarmed           |   114 |    78 |   165 ||   357
       Kick              |    13 |     8 |     1 ||    22
       Headbutt          |     5 |     8 |     1 ||    14
 Cast: Beastly Appendage |    20 |    16 |     2 ||    38
       Spider Form       |     2 |     3 |    12 ||    17
       Wereblood         |     2 |     1 |     2 ||     5
       Ice Form          |       |       |    12 ||    12
 Abil: End Transformatio |       |       |     1 ||     1
  Use: Scroll            |     4 |     6 |     6 ||    16
       Potion            |       |       |     1 ||     1
 Stab: Sleeping          |       |       |     1 ||     1
Armor: Robe              |    39 |    11 |     5 ||    55
       Skin              |       |       |    26 ||    26
Dodge: Dodged            |   115 |    56 |    86 ||   257
Block: Other             |       |       |    16 ||    16

Levels and vault maps discovered:
D:1:      giann_bridges, layout_basic, serial_glass, glass_columns_a,
          glass_columns_a
D:2:      layout_rooms, serial_rivers, chequers_serial_rivers_micro_d,
          chequers_serial_rivers_micro_c, chequers_serial_rivers_micro_e,
          chequers_serial_rivers_micro_d, chequers_serial_rivers_large_b,
          basic_altar, uniq_robin
D:3:      cheibrodos_old_hovel, layout_basic, serial_shops, shop
D:4:      layout_rooms, mainiacjoe_overflow_24_doors,
          nicolae_overflow_two_pavilions, minmay_temple_entry_trees, uniq_pikel,
          uniq_blork_the_orc
D:5:      layout_cave_pods, nicolae_tso_besieged_by_evil,
          nicolae_gozag_seed_capital, ebering_ghost_reflecting_pool,
          uniq_edmund, uniq_sigmund, uniq_grinder
D:6:      layout_layer_cave, grunt_tough_drop
Temple:   nicolae_temple_no_exploring_needed

Notes
Turn   | Place    | Note
-------+----------+-------------------------------------------
     0 | D:1      | kae the Demonspawn Transmuter began the quest for the Orb.
     0 | D:1      | Reached XP level 1. HP: 15/15 MP: 3/3
     0 | D:1      | magus.rc [v1.11.3]
   145 | D:1      | Reached skill level 2 in Transmutations
   227 | D:1      | Gained mutation: You have sharp fingernails. [demonic
                  | ancestry]
   227 | D:1      | Reached XP level 2. HP: 21/21 MP: 3/5
   602 | D:1      | Reached skill level 3 in Unarmed Combat
   605 | D:1      | HP: 5/21 [jackal (1)]
   623 | D:1      | Reached XP level 3. HP: 9/26 MP: 4/6
   626 | D:1      | Learned a level 2 spell: Wereblood
   630 | D:1      | Learned a level 3 spell: Spider Form
  1269 | D:2      | You pick up a book of Cantrips and begin reading...
  1269 | D:2      | You add the spells Necrotise, Summon Small Mammal and
                  | Apportation to your library.
  1565 | D:2      | Reached skill level 3 in Transmutations
  1588 | D:2      | Identified the +9 mace "Boton" {drain, rC+++ Will- Str+9
                  | SInv}
  1641 | D:2      | Found an opulent altar of Gozag.
  1685 | D:2      | Noticed Robin
  1694 | D:2      | Reached XP level 4. HP: 32/32 MP: 1/7
  1702 | D:2      | Killed Robin
  1878 | D:2      | Reached skill level 1 in Poison Magic
  2141 | D:3      | Found Jigorretz's Distillery.
  2142 | D:3      | You pick up a book of Changes and begin reading...
  2186 | D:3      | Bought a potion of curing for 39 gold pieces
  2993 | D:4      | Noticed a lemure
  2995 | D:4      | Noticed a lemure
  3001 | D:4      | Noticed Pikel
  3017 | D:4      | Killed a lemure
  3063 | D:4      | Noticed a lemure
  3069 | D:4      | Noticed a lemure
  3173 | D:4      | HP: 2/32 [Pikel/+2 whip of freezing (8)]
  3173 | D:4      | Killed Pikel
  3174 | D:4      | Reached skill level 4 in Unarmed Combat
  3174 | D:4      | Reached skill level 3 in Spellcasting
  3174 | D:4      | Reached skill level 5 in Transmutations
  3174 | D:4      | Gained mutation: You are partially covered in razor-sharp
                  | scales. (AC +1, Slay +1) [demonic ancestry]
  3174 | D:4      | Reached XP level 5. HP: 1/37 MP: 6/10
  3174 | D:4      | Gained mutation: You have very sharp fingernails. [demonic
                  | ancestry]
  3174 | D:4      | Reached XP level 6. HP: 2/43 MP: 6/11
  3174 | D:4      | Reached XP level 7. HP: 2/48 MP: 6/12
  3389 | D:4      | Reached skill level 4 in Spellcasting
  3590 | D:4      | You pick up a book of Frost and begin reading...
  3590 | D:4      | You add the spells Freeze, Frozen Ramparts and Hailstorm to
                  | your library.
  3598 | D:4      | Found a staircase to the Ecumenical Temple.
  3625 | Temple   | Entered the Ecumenical Temple
  3684 | Temple   | Became a worshipper of Ru the Awakened
  3699 | D:4      | Learned a level 4 spell: Ice Form
  3850 | D:4      | Noticed Blork the orc
  3908 | D:4      | Killed Blork the orc
  3945 | D:4      | Found a shimmering blue altar of Sif Muna.
  4029 | D:4      | Reached skill level 1 in Ice Magic
  4083 | D:4      | Found a hide-covered altar of Uskayaw.
  4083 | D:4      | Found a shadowy altar of Dithmenos.
  4186 | D:5      | Entered Level 5 of the Dungeon
  4188 | D:5      | Noticed Sigmund
  4313 | D:5      | Killed Sigmund
  4314 | D:5      | Reached skill level 6 in Transmutations
  4314 | D:5      | Reached skill level 2 in Ice Magic
  4314 | D:5      | Gained mutation: A meltable shield of frost defends you.
                  | (SH +4) [demonic ancestry]
  4314 | D:5      | Reached XP level 8. HP: 43/54 MP: 10/14
  4423 | D:5      | Found an opulent altar of Gozag.
  4477 | D:5      | Reached skill level 5 in Unarmed Combat
  4775 | D:5      | Noticed Grinder
  4778 | D:5      | Paralysed by Grinder for 5 turns
  4790 | D:5      | Killed Grinder
  4791 | D:5      | Reached skill level 3 in Ice Magic
  4877 | D:5      | Noticed Edmund
  4897 | D:5      | Killed Edmund
  4983 | D:5      | Reached skill level 5 in Spellcasting
  5199 | D:5      | Found a runed translucent door.
  5200 | D:5      | Noticed Sapher's ghost (amateur DEEE)
  5516 | D:6      | Reached skill level 7 in Transmutations
  5667 | D:6      | HP: 12/54 [orc priest/nerve-wracking pain (8)]
  5680 | D:6      | HP: 11/54 [orc wizard/magic dart (7)]
  5681 | D:6      | Reached skill level 4 in Ice Magic
  5954 | D:6      | Gained mutation: A meltable icy envelope protects you from
                  | harm. (AC +4) [demonic ancestry]
  5954 | D:6      | Reached XP level 9. HP: 59/59 MP: 16/16
  6369 | D:6      | Noticed a two-headed ogre
  6377 | D:6      | HP: 13/70 [two-headed ogre/+0 giant spiked club (28)]
  6377 | D:6      | Mangled by a two-headed ogre

Vanquished Creatures
  Pikel (D:4)
  Grinder (D:5)
  Sigmund (D:5)
  Edmund (D:5)
  A black bear (D:6)
  An ogre (D:4)
  3 centaurs
  Blork the orc (D:4)
  A lemure (D:4)
  A necrophage (D:4)
  2 scorpions
  2 howler monkeys
  4 orc priests (D:6)
  A hound (D:5)
  An iron imp (D:5)
  A jelly (D:5)
  2 orc wizards (D:6)
  Robin (D:2)
  3 gnolls (D:5)
  5 adders
  An ufetubus (D:4)
  A worm (D:4)
  6 dart slugs
  12 orcs
  7 ball pythons
  10 bats
  5 endoplasms
  5 giant cockroaches
  14 goblins
  6 hobgoblins
  3 jackals (D:1)
  6 kobolds
  A quokka (D:1)
  4 frilled lizards
  2 goblin skeletons (D:5)
  2 kobold skeletons (D:5)
  An orc skeleton (D:5)
  2 orc zombies (D:5)
  5 rats
127 creatures vanquished.

Vanquished Creatures (others)
  2 plants (D:3)
2 creatures vanquished.

Grand Total: 129 creatures vanquished

Table legend:
 A = Non-vault XP
 B = Vault XP
 C = Vault XP percentage of total XP
 D = Non-vault monster count
 E = Vault monster count
 F = Vault count percentage of total count
                 A         B        C        D         E       F
            +---------+---------+-------+---------+---------+-------
      Total |    1530 |    1539 |  50.1 |      99 |      27 |  21.4
            +---------+---------+-------+---------+---------+-------
        D:1 |      62 |       0 |   0.0 |      25 |       0 |   0.0
        D:2 |      24 |      37 |  60.7 |      14 |      13 |  48.1
        D:3 |      50 |       2 |   3.8 |      15 |       1 |   6.2
        D:4 |     392 |     779 |  66.5 |      18 |       2 |  10.0
        D:5 |     392 |     721 |  64.8 |      10 |      11 |  52.4
        D:6 |     610 |       0 |   0.0 |      17 |       0 |   0.0
            +---------+---------+-------+---------+---------+-------

Illustrated notes

Table legend:
 A = Kills in this place as a percentage of kills in entire the game.
 B = Kills by you in this place as a percentage of kills by you in the entire game.
 C = Kills by friends in this place as a percentage of kills by friends in the entire game.
 D = Other kills in this place as a percentage of other kills in the entire game.
 E = Experience gained in this place as a percentage of experience gained in the entire game.
 F = Experience gained in this place divided by the number of levels of this place that you have seen.
                   A       B       C       D       E      F
               +-------+-------+-------+-------+-------+----------------------
         Total | 100.0 | 100.0 |   N/A |   N/A | 100.0 | 438.4
       Dungeon | 100.0 | 100.0 |   N/A |   N/A | 100.0 | 511.5
               +-------+-------+-------+-------+-------+----------------------

Table legend: (Time is in decaauts)
 A = Elapsed time spent in this place.
 B = Non-inter-level travel time spent in this place.
 C = Inter-level travel time spent in this place.
 D = Time resting spent in this place.
 E = Time spent auto-exploring this place.
 F = Levels seen in this place.
 G = Mean time per level.
                   A        B        C        D        E       F      G
               +--------+--------+--------+--------+--------+-----+--------+
         Total |   6397 |   6193 |    204 |    218 |   4949 |   7 |  913.9 |
       Dungeon |   6330 |   6132 |    198 |    218 |   4897 |   6 | 1055.0 |
        Temple |     66 |     60 |      6 |      0 |     52 |   1 |   66.0 |
               +--------+--------+--------+--------+--------+-----+--------+

Top non-repeatable levels by time:
     D:5: 1192 daAuts
     D:1: 1166 daAuts
     D:3: 1061 daAuts
     D:4: 1029 daAuts
     D:2: 987 daAuts
     D:6: 892 daAuts
  Temple: 66 daAuts
